 Dungeon Crawl Stone Soup version 0.29.0-11-gd7f09526c8 (webtiles) character file.

Game seed: 7076245612125823956

49 sanka the Poker (level 3, 0/29 HPs)
             Began as a Merfolk Berserker on Sept 6, 2022.
             Was a Believer of Trog.
             Shot with a sling bullet by a goblin (4 damage)
             ... led by Robin
             ... on level 2 of the Dungeon.
             The game lasted 00:01:09 (929 turns).

sanka the Poker (Merfolk Berserker)                  Turns: 929, Time: 00:01:09

Health: 0/29       AC:  2    Str: 19    XL:     3   Next: 77%
Magic:  3/3        EV: 12    Int:  6    God:    Trog [**....]
Gold:   45         SH:  0    Dex: 13    Spells: 2/2 levels left

rFire   . . .      SeeInvis .   a - +0 spear
rCold   . . .      Faith    .   (no shield)
rNeg    . . .      Spirit   .   b - +0 animal skin
rPois   .          Reflect  .   (no helmet)
rElec   .          Harm     .   (no cloak)
rCorr   .          Rampage  .   (no gloves)
Will    .....                   (no boots)
Stlth   +.........              (no amulet)
HPRegen 0.09/turn               (no ring)
MPRegen 0.08/turn               (no ring)

@: on berserk cooldown, slowed, very slow
A: (nimble swimmer 2), mertail
a: Renounce Religion, Berserk, Trog's Hand


You were on level 2 of the Dungeon.
You worshipped Trog.
Trog was pleased with you.
You visited 1 branch of the dungeon, and saw 2 of its levels.

You collected 45 gold pieces.


Innate Abilities, Weirdness & Mutations

((You are very nimble when in or above water. (Stealth+, EV+, Speed+++)))
Your lower body shifts to a powerful aquatic tail in water.


   Skills:
 - Level 3.2 Fighting
 + Level 6.1 Polearms
 - Level 1.3 Armour
 - Level 2.6 Dodging


You had 2 spell levels left.
You didn't know any spells.
Your spell library was empty.

Inventory:

Hand Weapons
 a - a +0 spear (weapon)
Armour
 b - a +0 animal skin (worn)
Scrolls
 d - a scroll of brand weapon {unknown}
 e - 2 scrolls of identify {unknown}
Potions
 c - a potion of attraction {unknown}
 f - a potion of mutation {unknown}
 g - a potion of brilliance {unknown}
 h - a potion of might {unknown}

Dungeon Overview and Level Annotations

Branches:
Dungeon (2/15)

Altars:

Shops:
D:1

: ▒▒▒▒▒▒▒▒
▒......▒
▒......▒▒▒
▒...?.....
▒†!S......
+)mg....▒
▒))g....▒
▒..g......
▒......▒▒.
.........
▒▒▒▒▒▒▒▒▒▒.


You could see an adder and 3 goblins.


Message History

Unknown command.
You hit the adder.
The adder is moderately wounded.
You are no longer berserk.
You are exhausted.
You feel yourself slow down.
The goblin shoots a sling bullet.
The sling bullet hits you.
* * * LOW HITPOINT WARNING * * *
The adder barely misses you.
You hear an angry hiss.
You hit the adder but do no damage.
The adder is moderately wounded.
The adder closely misses you. The goblin hits you with a +0 club.
* * * LOW HITPOINT WARNING * * *
The goblin hits you with a +0 club.
* * * LOW HITPOINT WARNING * * *
The goblin shoots a sling bullet.
The sling bullet barely misses you.
You puncture the adder!
The adder is almost dead.
The adder barely misses you. The goblin hits you with a +0 club.
* * * LOW HITPOINT WARNING * * *
The goblin hits you with a +0 club.
* * * LOW HITPOINT WARNING * * *
The goblin shoots a sling bullet.
The sling bullet hits you.
You die...

Action                   || total
-------------------------++-------
Melee: Spear             ||    86
Invok: Berserk           ||     2
 Stab: Sleeping          ||     2
Armor: Animal skin       ||     9
Dodge: Dodged            ||    58

Levels and vault maps discovered:
D:1:      reono_arrival_forest_river, layout_basic, serial_shops, shop,
          grunt_decor_arrowhead, kennysheep_boxes
D:2:      layout_basic, basic_altar, basic_ecumenical_altar, bh_walls_and_bars,
          uniq_robin

Notes
Turn   | Place    | Note
-------+----------+-------------------------------------------
     0 | D:1      | sanka the Merfolk Berserker began the quest for the Orb.
     0 | D:1      | Reached XP level 1. HP: 18/18 MP: 1/1
   183 | D:1      | Reached XP level 2. HP: 24/24 MP: 2/2
   383 | D:1      | Reached skill level 5 in Polearms
   549 | D:1      | Found Zop Qede's Book Boutique.
   761 | D:2      | Noticed Robin
   766 | D:1      | Killed Robin
   767 | D:1      | Reached XP level 3. HP: 27/29 MP: 3/3
   920 | D:2      | Reached skill level 6 in Polearms
   926 | D:2      | Reached ** piety under Trog
   929 | D:2      | Shot with a sling bullet by a goblin

Vanquished Creatures
  Robin (D:1)
  An adder (D:1)
  A dart slug (D:1)
  2 bats (D:1)
  7 goblins
  6 hobgoblins
  A quokka (D:1)
  A ball python (D:1)
  2 frilled lizards (D:1)
  3 kobolds (D:1)
  2 rats (D:1)
27 creatures vanquished.
